 Dungeon Crawl Stone Soup version 0.31-a0-200-gbc41564c69 (webtiles) character file.

Game seed: 16800043081883006823

60 qw the Shooter (level 3, 0/20 HPs)
             Began as a Deep Elf Hunter on June 25, 2023.
             Slain by an adder (1 damage)
             ... on level 2 of the Dungeon.
             The game lasted 00:00:31 (1196 turns).

qw the Shooter (Deep Elf Hunter)                    Turns: 1196, Time: 00:00:32

Health: 0/20       AC:  6    Str: 10    XL:     3   Next: 82%
Magic:  5/5        EV: 11    Int: 13    God:
Gold:   50         SH:  0    Dex: 18    Spells: 2/2 levels left

rFire   . . .        Y - +0 shortbow
rCold   . . .        (shield currently unavailable)
rNeg    . . .        d - +0 ring mail
rPois   .            (no helmet)
rElec   .            (no cloak)
rCorr   .            k - +0 pair of gloves
SInv    .            (no boots)
Will    .....        (no amulet)
Stlth   +            (no ring)
HPRegen 0.23/turn    (no ring)
MPRegen 0.09/turn

%: no passive effects
@: no status effects
A: no striking features
a: no special abilities


You were on level 2 of the Dungeon.
You visited 1 branch of the dungeon, and saw 2 of its levels.

You collected 50 gold pieces.


   Skills:
 - Level 1.5 Fighting
 + Level 7.3 Ranged Weapons
 - Level 2.4 Dodging
 - Level 1.2 Stealth


You had 2 spell levels left.
You didn't know any spells.
Your spell library was empty.

Inventory:

Hand Weapons
 Y - a +0 shortbow (weapon)
Armour
 d - a +0 ring mail (worn)
 k - a +0 pair of gloves (worn)
Jewellery
 b - a +5 ring of evasion
Scrolls
 c - a scroll of torment {unknown}
 j - a scroll of identify
Potions
 a - a potion of enlightenment {unknown}
 e - a potion of berserk rage {unknown}
 f - a potion of heal wounds {unknown}
 g - a potion of invisibility {unknown}
 h - a potion of haste
 i - a potion of mutation {unknown}

Dungeon Overview and Level Annotations

Branches:
Dungeon (2/15)

Altars:

Portals:
Abyss: D:1***


Message History

An adder comes into view.
Found 3 gold pieces.
The adder hisses angrily.
You hear a shout!
A goblin comes into view. It is wielding a +0 club.
Enter note:
Enter note:
Enter note:
Enter note:
Enter note:
Enter note: You shoot an arrow.
The arrow misses the adder.
The adder barely misses you. The adder bites you.
You shoot an arrow. The arrow misses the adder.
The adder bites you but does no damage.
An endoplasm comes into view.
The adder bites you.
You shoot an arrow. The arrow hits the adder.
The adder is moderately wounded.
The adder bites you but does no damage. The endoplasm barely misses you.
You shoot an arrow. The arrow closely misses the adder.
The adder bites you but does no damage. The endoplasm freezes you.
You are frozen.
The adder barely misses you.
You shoot an arrow. The arrow hits the adder.
The adder is moderately wounded.
The endoplasm freezes you.
You are frozen.
The adder bites you but does no damage.
You shoot an arrow. The arrow hits the adder.
The adder is heavily wounded.
The adder misses you.
The endoplasm hits you but does no damage.
The adder closely misses you.
You shoot an arrow. The arrow closely misses the adder.
The endoplasm freezes you.
You are frozen.
The adder barely misses you.
You shoot an arrow. The arrow hits the adder.
The adder is almost dead.
The endoplasm freezes you.
You are frozen.
The adder bites you.
You die...

#.... ### #.... >.
#.... ..##
########.... # ...
........#... #...#
#######.#.##
####.#.#### #.#.#
#..$.J.S..# #.#.#
#@# #.#.# #.#
#%#.## #.# #.#...
#.# ..######.####
#.# .............
#.# #.######'####
#.# #.## #.......
#.# #..# #.......
#.#####.###.......


You could see an adder and an endoplasm.

Vanquished Creatures
  2 adders (D:2)
  2 dart slugs
  2 bats (D:1)
  3 endoplasms
  3 giant cockroaches (D:1)
  3 goblins
  4 hobgoblins
  3 kobolds
  4 quokkas
  2 ball pythons (D:1)
  4 frilled lizards (D:1)
  A rat (D:1)
33 creatures vanquished.

Notes
Turn   | Place    | Note
-------+----------+-------------------------------------------
     0 | D:1      | qw the Deep Elf Hunter began the quest for the Orb.
     0 | D:1      | Reached XP level 1. HP: 12/12 MP: 3/3
     0 | D:1      | 0 ||| qw: Version: 0.3-a-22-g0ed2b0b
     0 | D:1      | 0 ||| qw: Game counter: 5678
     0 | D:1      | 0 ||| qw: Melee chars always use a shield: true
     0 | D:1      | 0 ||| qw: God list: Okawaru
     0 | D:1      | 0 ||| qw: Allow faded altars: false
     0 | D:1      | 0 ||| qw: Do Orc after clearing Dungeon:15 true
     0 | D:1      | 0 ||| qw: Do second Lair branch before Depths: true
     0 | D:1      | 0 ||| qw: Lair rune preference: random
     0 | D:1      | 0 ||| qw: Goals: Normal
     0 | D:1      | 0 ||| PLANNING D:1-11
    67 | D:1      | 67 ||| DROPPING scroll of butterflies.
   132 | D:1      | Reached skill level 6 in Ranged Weapons
   132 | D:1      | Reached XP level 2. HP: 16/16 MP: 4/4
   144 | D:1      | Found a faded altar of an unknown god.
   510 | D:1      | Reached XP level 3. HP: 18/20 MP: 5/5
   536 | D:1      | 536 ||| UPGRADING to +0 ring mail.
   546 | D:1      | 546 ||| DROPPING +0 leather armour.
   547 | D:1      | 547 ||| UPGRADING to +0 pair of gloves.
   552 | D:1      | 552 ||| DROPPING ring of wizardry.
   553 | D:1      | 553 ||| READING scroll labelled VOSANA BAZO.
   554 | D:1      | 554 ||| READING scroll labelled RIGIOSONUT.
   555 | D:1      | 555 ||| READING scroll labelled OKEMMIBILA.
   559 | D:1      | 559 ||| READING scroll labelled MIOVEFIXET.
   560 | D:1      | 560 ||| DRINKING 2 bubbling emerald potions.
   708 | D:2      | Reached skill level 7 in Ranged Weapons
   708 | D:2      | Identified the +1 quarterstaff "Mioxzal" {flame, rF- Int+2
                  | Dex+2}
   769 | D:2      | 769 ||| FLEEEEING.
  1195 | D:2      | HP: 4/20 [frozen (5)]
  1196 | D:2      | HP: 1/20 [frozen (3)]
  1196 | D:2      | Slain by an adder

Levels and vault maps discovered:
D:1:      minmay_arrival_glassed_features, layout_basic,
          hellmonk_ecumenical_altar_lost_god, nrook_mini_vaults
D:2:      layout_basic, uniq_robin

Skill      XL: |  1  2  3 |
---------------+----------+-----
Ranged Weapons | 6 7 |  7.3
Fighting       | |  1.5
Dodging        | |  2.4
Stealth        | |  1.2

Action                     || total
---------------------------++-------
   Fire: Shortbow          ||   106
    Use: Scroll            ||     4
         Potion            ||     1
 Armour: Leather armour    ||     4
         Ring mail         ||     6
  Dodge: Dodged            ||    27

Table legend:
 A = Non-vault XP
 B = Vault XP
 C = Vault XP percentage of total XP
 D = Non-vault monster count
 E = Vault monster count
 F = Vault count percentage of total count
                 A         B        C        D         E       F
            +---------+---------+-------+---------+---------+-------
      Total |      87 |       0 |   0.0 |      33 |       0 |   0.0
            +---------+---------+-------+---------+---------+-------
        D:1 |      42 |       0 |   0.0 |      23 |       0 |   0.0
        D:2 |      45 |       0 |   0.0 |      10 |       0 |   0.0
            +---------+---------+-------+---------+---------+-------
